 Seeded DCSS version 0.29.1-15-g9cfb28693d (webtiles) character file.

Game seed: 5297477676520237703 (custom seed)

14 GigaChad the Trooper (level 2, 19/19 HPs)
             Began as a Gargoyle Fighter on Mar 10, 2023.
             Quit the game on level 2 of the Dungeon.
             The game lasted 00:02:21 (987 turns).

GigaChad the Trooper (Gargoyle Fighter)              Turns: 987, Time: 00:02:22

Health: 19/19      AC: 14    Str: 19    XL:     2   Next: 45%
Magic:  2/2        EV:  5    Int:  8    God:
Gold:   68         SH:  4    Dex:  9    Spells: 1/1 levels left

rFire   . . .      SeeInvis .   a - +0 war axe
rCold   . . .      Faith    .   c - +0 buckler
rNeg    + . .      Spirit   .   i - +0 plate armour
rPois   ∞          Reflect  .   (no helmet)
rElec   +          Harm     .   (no cloak)
rCorr   .          Rampage  .   (no gloves)
Will    .....                   (no boots)
Stlth   ..........              (no amulet)
HPRegen 0.06/turn               (no ring)
MPRegen 0.08/turn               (no ring)

@: no status effects
A: sickness immunity, AC +2, negative energy resistance 1, electricity
resistance, torment resistance 1, petrification resistance
a: no special abilities


You were on level 2 of the Dungeon.
You visited 1 branch of the dungeon, and saw 2 of its levels.

You collected 68 gold pieces.

Inventory:

Hand Weapons
 a - a +0 war axe (weapon)
Armour
 b - a +0 scale mail
 c - a +0 buckler (worn)
 i - a +0 plate armour (worn)
Jewellery
 j - an amulet of magic regeneration
Scrolls
 e - a scroll of vulnerability {unknown}
 f - 2 scrolls of identify {unknown}
 g - a scroll of fear {unknown}
 h - a scroll of teleportation {unknown}
Potions
 d - a potion of might
 k - 2 potions of magic {unknown}
 l - 2 potions of resistance {unknown}


   Skills:
 + Level 3.5 Fighting
 + Level 2.2 Axes
 + Level 3.4 Armour
 + Level 3.3 Shields


You had one spell level left.
You didn't know any spells.
Your spell library was empty.

Dungeon Overview and Level Annotations

Branches:
Dungeon (2/15)

Altars:


Innate Abilities, Weirdness & Mutations

You are immune to sickness and miasma.
Your stone body is resilient. (AC +2)
You are immune to poison.
You resist negative energy. (rN+)
You are resistant to electric shocks. (rElec)
You are resistant to unholy torment.
You are immune to petrification.


Message History

A goblin is nearby!
A goblin is nearby!
You see here 5 gold pieces.
You slash the goblin!
You kill the goblin!
You now have 34 gold pieces (gained 5).
Things that are here:
a +0 dagger; a goblin corpse A rat comes into view.
The rat moves out of view.
You see here 14 gold pieces.
A rat is nearby!
A rat is nearby!
A rat is nearby!
You now have 48 gold pieces (gained 14).
You barely miss the rat. The rat barely misses you.
You closely miss the rat. The rat bites you but does no damage.
The rat completely misses you.
You hit the rat.
You kill the rat!
You open the door.
Found an escape hatch in the floor.
There is an open door here.
There is an open door here.
Found an escape hatch in the ceiling.
l - 2 smoky green potions A ball python comes into view.
Found 13 gold pieces.
The ball python hisses angrily.
A ball python is nearby!
A ball python is nearby!
A ball python is nearby!
The ball python bites you but does no damage.
The ball python barely misses you.
You slash the ball python!
You kill the ball python!
Found a robe.
You now have 55 gold pieces (gained 7).
You now have 68 gold pieces (gained 13).
Are you sure you want to abandon this character and quit the game? (Confirm with "yes".)

#....... ... #...... ..
#.....# [#
#.....######.# .
#.......<....# ...
######............#....
##...##...............#
................@.#
.........#........#
.........#........#
.........#........#
.........#........#
#####....#........#
#....#........#
...?.#........#
..........######


There were no monsters in sight!

Vanquished Creatures
  An endoplasm (D:1)
  2 giant cockroaches (D:1)
  2 goblins
  2 hobgoblins (D:1)
  A quokka (D:1)
  A ball python (D:2)
  2 kobolds (D:1)
  2 rats
13 creatures vanquished.

Notes
Turn   | Place    | Note
-------+----------+-------------------------------------------
     0 | D:1      | GigaChad the Gargoyle Fighter began the quest for the Orb.
     0 | D:1      | Reached XP level 1. HP: 14/14 MP: 1/1
   494 | D:1      | Reached XP level 2. HP: 19/19 MP: 2/2
   987 | D:2      | Quit the game

Illustrated notes

Levels and vault maps discovered:
D:1:      eino_arrival_cavern_d, layout_loops_corners
D:2:      layout_basic, kennysheep_generic_room_4

Skill      XL: |  1 |
---------------+----+-----
Axes           | 2 |  2.2
Fighting       | |  3.5
Armour         | |  3.4
Shields        | |  3.3

Action                   || total
-------------------------++-------
Melee: War axe           ||    18
Armor: Scale mail        ||     8
       Plate armour      ||     2
Dodge: Dodged            ||     9
Block: Buckler           ||     3
